 Dungeon Crawl Stone Soup version 0.25-a0-663-gace7076f2c (webtiles) character file.

Game seed: 9893447031885091147, levelgen mode: deterministic

11741 ReteAZ the Grappler (level 11, -6/97 HPs)
             Began as a Ghoul Fighter on Mar 24, 2020.
             Was an Elder of Makhleb.
             Mangled by a purple ugly thing (12 damage)
             ... on level 10 of the Dungeon.
             The game lasted 00:17:18 (9955 turns).

ReteAZ the Grappler (Ghoul Fighter)                 Turns: 9955, Time: 00:17:18

Health: -6/97      AC: 12    Str: 21      XL:     11   Next: 82%
Magic:  13/13      EV:  9    Int:  7 (8)  God:    Makhleb [****..]
Gold:   278        SH: 10    Dex:  8 (9)  Spells: 10/10 levels left

rFire    + . .     SeeInvis .     - Unarmed
rCold    + + .     Gourm    .   b - +0 kite shield
rNeg     + + +     Faith    .   D - +0 swamp dragon scales
rPois    ∞         Spirit   .   N - +0 helmet {Int+3}
rElec    .         Reflect  .   L - scarf {rC+ rF+}
rCorr    .         Harm     .   (no gloves)
MR       .....                  k - +0 pair of boots
Stlth    +.........             (no amulet)
HPRegen  0.00/turn              E - ring of stealth
MPRegen  0.13/turn              (no ring)

@: flying, rotting
A: rotting body, claws 1, carnivore, cold resistance 1, negative energy
resistance 3, inhibited regeneration, torment resistance, unbreathing
a: Minor Destruction, Lesser Servant of Makhleb, Major Destruction, Renounce
Religion


You were on level 10 of the Dungeon.
You worshipped Makhleb.
Makhleb was greatly pleased with you.
You were not hungry.

You visited 1 branch of the dungeon, and saw 11 of its levels.
You also visited: Sewer.

You collected 598 gold pieces.
You spent 320 gold pieces at shops.

Inventory:

Missiles
 u - 79 poisoned darts (quivered)
Armour
 b - a +0 kite shield (worn)
 k - a +0 pair of boots (worn)
 l - a +2 robe of fire resistance
 p - a +0 cloak
 y - a +2 hat
 D - +0 swamp dragon scales (worn)
 L - a scarf of resistance (worn)
 N - a +0 helmet of intelligence (worn)
Jewellery
 A - an uncursed ring of ice
 E - a ring of stealth (left claw)
Wands
 c - a wand of random effects (17)
 v - a wand of digging (6)
 J - a wand of iceblast (11)
 M - a wand of flame (10)
Scrolls
 g - 8 scrolls of identify
 i - 10 scrolls of teleportation
 j - 4 scrolls of remove curse
 t - 2 scrolls of immolation {unknown}
 x - a scroll of magic mapping {unknown}
 B - a scroll of fog {unknown}
 C - a scroll of enchant armour {unknown}
 F - a scroll of noise {unknown}
 G - 2 scrolls of amnesia {unknown}
 K - 2 scrolls of blinking {unknown}
Potions
 e - 4 potions of heal wounds {unknown}
 f - 4 potions of berserk rage {unknown}
 h - 4 potions of mutation
 m - a potion of stabbing {unknown}
 o - 7 potions of flight
 q - 2 potions of resistance {unknown}
 r - a potion of brilliance {unknown}
 s - 2 potions of degeneration {unknown}
 w - 2 potions of ambrosia {unknown}
 I - 4 potions of curing
Comestibles
 a - 7 chunks of flesh
 d - 25 rations


   Skills:
 + Level 9.4 Fighting
 + Level 7.8 Armour
 + Level 7.9 Shields
 * Level 12.4 Unarmed Combat
 - Level 4.0 Evocations


You had 10 spell levels left.
You didn't know any spells.
Your spell library contained the following spells:

 Spells                   Type           Power        Failure   Level  Hunger
 Freeze                   Ice            #...         87%         1    ##.....
 Summon Small Mammal      Summ           #...         87%         1    ##.....
 Call Imp                 Summ           #.......     95%         2    ###....
 Call Canine Familiar     Summ           #.......     99%         3    ####...
 Frozen Ramparts          Ice            #.....       99%         3    ####...
 Ignite Poison            Fire/Tmut/Pois #.......     99%         3    ####...
 Ozocubu's Armour         Chrm/Ice       #.......     99%         3    ####...
 Summon Guardian Golem    Hex/Summ       #.......     99%         3    ####...
 Hailstorm                Conj/Ice       #.......     100%        4    #####..
 Summon Ice Beast         Ice/Summ       #.......     100%        4    #####..
 Summon Lightning Spire   Summ/Air       #.......     100%        4    #####..
 Fireball                 Conj/Fire      #.........   100%        5    ######.
 Starburst                Conj/Fire      #.........   100%        6    #######
 Ring of Flames           Chrm/Fire      #.........   100%        7    #######
 Ignition                 Fire           #.........   100%        8    #######


Dungeon Overview and Level Annotations

Branches:
Dungeon (11/15)            Temple (0/1) D:7            Lair (0/6) D:11
    Orc (0/2) D:9           Sewer (visited)

Altars:
Ashenzari
Nemelex Xobeh
Ru

Shops:
D:8 *

Annotations:
D:4 Eustachio
D:5 2 transporters, 0ctopusDreams's ghost, novice DsAK


Innate Abilities, Weirdness & Mutations

Your body is rotting away.
You thrive on raw meat.
You are immune to poison.
You have sharp fingernails.
You are carnivorous and can eat meat at any time.
Your flesh is cold resistant. (rC+)
You are immune to negative energy. (rN+++)
You do not regenerate when monsters are visible.
You are immune to unholy pain and torment.
You can survive without breathing.


Message History

Something headbutts you!
* * * LOW HITPOINT WARNING * * *
Something headbutts you!
* * * LOW HITPOINT WARNING * * *
It was a potion of flight.
You feel very buoyant.
You fly up into the air.
Something headbutts you!
* * * LOW HITPOINT WARNING * * *
Okay, then.
Okay, then.
Okay, then.
Evoke which item? (* to show all) (? for menu, Esc to quit)
Okay, then.
It was a potion of mutation.
You feel extremely strange.
Your body decomposes!
You feel dopey.
Your body decomposes!
You feel clumsy. Something headbutts you!
You die...

...#.# #[.........#.......#.....
...#.# #.......Y..#.......#.....
...#.# #.....####.#.......#.###.
...#.# #.....# #.#.......#.# #.
...#.# #.....# #Y'.......#.###.
...#.# #...>Y# #.#.......#.....
...#.# #.....# #.#.......#.....
...#.####..<..####.#.......#.....
####..........Y{@..#.......#..###
######'############'######.....
#...............##.......#.....
#...............##.......#.....
#...............##.......#.....
#...............##.......#.....
#####'######......######'###.####
#..........#......#..........# #
#.....###..#......#..........# #


You could see a yak.

Vanquished Creatures
  A centaur warrior (D:9)
  2 two-headed ogres
  A cyclops (D:11)
  A centaur zombie (D:11)
  Maggie (D:6)
  Grinder (Sewer)
  5 hippogriffs
  2 wyverns
  6 yaks (D:11)
  A spriggan (D:9)
  2 vampire mosquitoes (D:11)
  A hungry ghost (D:10)
  Menkaure (D:5)
  2 water moccasins
  Duvessa (D:4)
  4 sky beasts
  3 orc warriors
  2 ice beasts
  3 ogres
  2 hornet zombies
  A black bear (D:8)
  5 phantoms
  A centaur (D:8)
  3 big kobolds
  A gnoll sergeant (D:8)
  A water moccasin zombie (D:7)
  6 bullfrogs
  Dowan (D:4)
  3 scorpions
  11 killer bees
  4 wights (D:9)
  3 howler monkeys
  2 crimson imps
  5 hounds
  2 quasits (Sewer)
  3 centaur skeletons
  12 orc wizards
  10 orc priests
  A gnoll shaman (D:8)
  Jessica (D:2)
  A bullfrog skeleton (D:8)
  Terence (D:2)
  An iguana (D:7)
  Natasha (thrice) (D:2)
  5 worker ants
  A killer bee zombie (D:9)
  3 big kobold zombies (Sewer)
  A worker ant zombie (D:11)
  Robin (D:4)
  8 gnolls (D:8)
  13 adders
  2 howler monkey skeletons
  4 shadow imps
  4 ufetubi (Sewer)
  2 oozes
  3 adder skeletons
  2 adder zombies
  3 worms
  6 dart slugs
  11 leopard geckos
  50 orcs
  2 ball pythons (Sewer)
  2 bats
  12 giant cockroaches
  18 goblins
  8 hobgoblins
  11 jackals
  8 quokkas
  4 frilled lizards
  24 kobolds
  A kobold zombie (Sewer)
  2 quokka zombies (D:6)
  4 rats
339 creatures vanquished.

Vanquished Creatures (others)
  An ooze (Sewer)
  3 orcs (D:11)
  A kobold zombie (Sewer)
5 creatures vanquished.

Grand Total: 344 creatures vanquished

Notes
Turn   | Place    | Note
-------+----------+-------------------------------------------
     0 | D:1      | ReteAZ the Ghoul Fighter began the quest for the Orb.
     0 | D:1      | Reached XP level 1. HP: 19/19 MP: 0/0
   119 | D:1      | Reached XP level 2. HP: 26/26 MP: 1/1
   407 | D:1      | Reached XP level 3. HP: 29/31 MP: 2/2
   479 | D:1      | Reached skill level 3 in Unarmed Combat
   746 | D:2      | Noticed Terence
   780 | D:2      | Killed Terence
   780 | D:2      | Reached XP level 4. HP: 27/40 MP: 3/3
   929 | D:2      | Noticed Jessica
   934 | D:2      | Killed Jessica
   934 | D:2      | Reached XP level 5. HP: 43/46 MP: 4/4
  1000 | D:2      | Reached skill level 4 in Unarmed Combat
  1218 | D:2      | Noticed Natasha
  1230 | D:2      | Killed Natasha
  1457 | D:2      | Noticed Natasha
  1463 | D:2      | Killed Natasha
  1557 | D:2      | Noticed Natasha
  1562 | D:2      | Killed Natasha
  1626 | D:3      | Reached XP level 6. HP: 50/52 MP: 5/5
  2318 | D:3      | Found a sacrificial altar of Ru.
  2479 | D:4      | Found a sparkling altar of Nemelex Xobeh.
  2522 | D:4      | Noticed Dowan
  2523 | D:4      | Noticed Duvessa
  2552 | D:4      | Killed Duvessa
  2552 | D:4      | Reached skill level 5 in Unarmed Combat
  2557 | D:4      | Killed Dowan
  2557 | D:4      | Reached XP level 7. HP: 23/60 MP: 6/6
  3095 | D:4      | Noticed Eustachio
  3368 | D:4      | Noticed Robin
  3396 | D:5      | Entered Level 5 of the Dungeon
  3499 | D:4      | Killed Robin
  3589 | D:5      | Noticed Menkaure
  3596 | D:5      | Killed Menkaure
  3596 | D:5      | Reached skill level 5 in Fighting
  3596 | D:5      | Reached skill level 6 in Unarmed Combat
  3627 | D:5      | Found a transporter.
  3699 | D:5      | Noticed 0ctopusDreams's ghost (novice DsAK)
  3922 | D:5      | Found a transporter.
  4084 | D:5      | Reached XP level 8. HP: 45/68 MP: 7/7
  4400 | D:6      | Reached skill level 7 in Unarmed Combat
  4479 | D:6      | Found a glowing drain.
  4495 | Sewer    | Entered a sewer
  4628 | Sewer    | Found a burning altar of Makhleb.
  4662 | Sewer    | Became a worshipper of Makhleb the Destroyer
  4746 | Sewer    | Noticed Grinder
  4772 | Sewer    | Paralysed by Grinder for 5 turns
  4783 | Sewer    | Killed Grinder
  4783 | Sewer    | Reached skill level 5 in Armour
  4783 | Sewer    | Reached skill level 5 in Shields
  4978 | D:6      | Reached skill level 8 in Unarmed Combat
  4989 | D:6      | Reached XP level 9. HP: 52/77 MP: 8/8
  4991 | D:6      | Reached * piety under Makhleb
  5132 | D:6      | Noticed Maggie
  5294 | D:6      | Killed Maggie
  5571 | D:7      | Found a staircase to the Ecumenical Temple.
  5587 | D:7      | Reached skill level 9 in Unarmed Combat
  5764 | D:7      | Found a shattered altar of Ashenzari.
  5976 | D:7      | Got a jewelled leather armour
  5987 | D:7      | Identified the +0 leather armour "Baobra" {*Slow rN+++ MR-
                  | Str+4} (You found it on level 7 of the Dungeon)
  6152 | D:8      | Reached ** piety under Makhleb
  6282 | D:8      | Reached XP level 10. HP: 42/86 MP: 9/9
  6352 | D:8      | Reached skill level 10 in Unarmed Combat
  6497 | D:8      | Found Moda's General Store.
  6502 | D:8      | Bought a scroll of identify for 32 gold pieces
  6502 | D:8      | Bought a wand of iceblast (11) for 240 gold pieces
  6502 | D:8      | Bought a potion of curing for 48 gold pieces
  6526 | D:8      | Noticed a two-headed ogre
  6550 | D:8      | Killed a two-headed ogre
  6550 | D:8      | Reached skill level 1 in Evocations
  7192 | D:9      | Noticed a centaur warrior
  7204 | D:9      | Killed a centaur warrior
  7312 | D:9      | Found a staircase to the Orcish Mines.
  7351 | D:9      | Reached *** piety under Makhleb
  7375 | D:9      | Reached skill level 11 in Unarmed Combat
  7728 | D:9      | Reached XP level 11. HP: 95/95 MP: 11/11
  8104 | D:10     | Entered Level 10 of the Dungeon
  8480 | D:10     | Reached **** piety under Makhleb
  9556 | D:11     | Noticed a two-headed ogre
  9588 | D:11     | Killed a two-headed ogre
  9657 | D:11     | Reached skill level 12 in Unarmed Combat
  9716 | D:11     | Found a staircase to the Lair.
  9899 | D:11     | Noticed a cyclops
  9912 | D:11     | Noticed a purple ugly thing
  9913 | D:11     | Killed a cyclops
  9955 | D:10     | Mangled by a purple ugly thing

Levels and vault maps discovered:
D:1:      grunt_arrival_lava_bath, layout_basic
D:2:      layout_rooms, uniq_jessica, uniq_natasha, uniq_terence
D:3:      layout_loops_corners, lemuel_doored_altar
D:4:      layout_basic, supply_closet_lemuel, minmay_misc_feat_columns,
          st_stairs_5, minmay_misc_feat_chi, minmay_ruined_shrine, uniq_duvessa,
          uniq_robin, uniq_eustachio
D:5:      layout_basic, first_ration, gammafunk_ghost_mausoleum, uniq_menkaure
D:6:      layout_cave_pools, gup_sewer_entry_pipe, uniq_maggie
D:7:      layout_cave_pools, minmay_temple_entry_large_hall, basic_altar,
          minmay_fractal_squares_5
D:8:      layout_loops_cross, serial_shops, shop
D:9:      layout_long_grid, hiddenorc2_lemuel, the_bakery
D:10:     layout_stronghold
D:11:     evilmike_library_of_no_secrets, layout_long_grid, lair_entry_dummy

Skill      XL: |  1  2  3  4  5  6  7  8  9 10 11 |
---------------+----------------------------------+-----
Unarmed Combat | 3 4 5 6 8 9 11 12 | 12.4
Armour         | 3 4 5 6 7 |  7.8
Shields        | 3 4 5 6 7 |  7.9
Fighting       | 4 5 6 7 8 9 |  9.4
Evocations     | 2 4 |  4.0

Action                   |  1- 3 |  4- 6 |  7- 9 | 10-12 || total
-------------------------+-------+-------+-------+-------++-------
Melee: Unarmed           |   114 |   168 |   499 |   591 ||  1372
Throw: Dart              |       |       |       |     8 ||     8
Evoke: Wand              |       |       |    15 |     2 ||    17
  Use: Potion            |       |     1 |     1 |     2 ||     4
       Scroll            |       |       |       |     2 ||     2
 Stab: Confused          |       |       |     2 |       ||     2
       Sleeping          |       |       |     1 |       ||     1
  Eat: Chunk             |    13 |    15 |    46 |    29 ||   103
Armor: Scale mail        |    37 |    63 |   239 |       ||   339
       Swamp dragon scal |       |       |    56 |   218 ||   274
Dodge: Dodged            |    36 |    29 |   177 |   153 ||   395
Block: Kite shield       |    53 |    73 |   317 |   271 ||   714

Table legend:
 A = Non-vault XP
 B = Vault XP
 C = Vault XP percentage of total XP
 D = Non-vault monster count
 E = Vault monster count
 F = Vault count percentage of total count
                 A         B        C        D         E       F
            +---------+---------+-------+---------+---------+-------
      Total |   14656 |    2118 |  12.6 |     242 |      97 |  28.6
            +---------+---------+-------+---------+---------+-------
        D:1 |      45 |       0 |   0.0 |      24 |       0 |   0.0
        D:2 |     156 |     108 |  40.9 |      24 |       3 |  11.1
        D:3 |      59 |       0 |   0.0 |      15 |       0 |   0.0
        D:4 |     112 |     274 |  71.0 |       4 |      16 |  80.0
        D:5 |     279 |     172 |  38.1 |      13 |       5 |  27.8
        D:6 |     827 |     390 |  32.0 |      24 |       6 |  20.0
        D:7 |     815 |      29 |   3.4 |      15 |       3 |  16.7
        D:8 |    2907 |       0 |   0.0 |      41 |       0 |   0.0
        D:9 |    2316 |     503 |  17.8 |      30 |      33 |  52.4
       D:10 |    2004 |       0 |   0.0 |      24 |       0 |   0.0
       D:11 |    5136 |       0 |   0.0 |      28 |       0 |   0.0
      Sewer |       0 |     642 | 100.0 |       0 |      31 | 100.0
            +---------+---------+-------+---------+---------+-------
